 Dungeon Crawl Stone Soup version 0.21.0 (webtiles) character file.

98 AllRandomAllDemise the Sneak (level 4, 0/37 HPs)
             Began as a Demigod Assassin on Jan 7, 2018.
             Succumbed to a kobold's poison
             ... on level 3 of the Dungeon.
             The game lasted 00:03:45 (2398 turns).

AllRandomAllDemise the Sneak (Demigod Assassin)     Turns: 2398, Time: 00:03:45

Health: 0/37       AC:  8    Str: 16    XL:     4   Next: 21%
Magic:  6/6        EV:  6    Int: 15    God:
Gold:   130        SH:  0    Dex: 17    Spells: 3/3 levels left

rFire    + . .     SeeInvis .   a - +0 trident
rCold    + . .     Gourm    .   (no shield)
rNeg     . . .     Faith    .   n - +0 chain mail
rPois    .         Spirit   .   (no helmet)
rElec    .         Reflect  .   v - scarf {rC+ rF+}
rCorr    .         Harm     .   (no gloves)
MR       .....                  (no boots)
Stlth    +.........             (no amulet)
HPRegen  0.12/turn              i - ring of stealth (curse)
MPRegen  0.10/turn              (no ring)

@: lethally poisoned (0 -> -21), hasted, very quick
A: high mp 1
a: no special abilities


You were on level 3 of the Dungeon.
You were not hungry.

You visited 1 branch of the dungeon, and saw 3 of its levels.

You collected 130 gold pieces.

Inventory:

Hand Weapons
 a - a +0 trident (weapon)
 b - a +0 blowgun
 h - a +0 spear
 u - a +2 dagger
 y - a +1 dagger of venom
Missiles
 e - 6 poisoned needles
 f - 2 curare-tipped needles
 m - 18 stones
 w - 3 tomahawks (quivered)
 x - 2 javelins
Armour
 c - a +0 robe
 d - a +0 cloak
 n - a +0 chain mail (worn)
 v - a scarf of resistance (worn)
Jewellery
 i - a cursed ring of stealth (left hand)
Scrolls
 j - 3 scrolls of teleportation {unknown}
 k - a scroll of magic mapping {unknown}
 o - a scroll of remove curse {unknown}
 p - a scroll of fear {unknown}
 r - 2 scrolls of identify {unknown}
 s - 2 scrolls of blinking {unknown}
Comestibles
 g - 3 rations
 t - 2 chunks of flesh


   Skills:
 + Level 2.8 Fighting
 - Level 1.7 Short Blades
 * Level 3.0 Polearms
 - Level 1.7 Throwing
 - Level 0.8 Dodging
 - Level 3.6 Stealth


You had 3 spell levels left.
You didn't know any spells.

Dungeon Overview and Level Annotations

Branches:
Dungeon (3/15)


Innate Abilities, Weirdness & Mutations

You have an increased reservoir of magic. (+10% MP)


Message History

You feel sick.
Things that are here:
a dagger of venom; a kobold corpse
y - a dagger of venom
* * * LOW HITPOINT WARNING * * *
You feel sick.
Unknown command.
It was a potion of cancellation.
You feel magically purged.
* * * LOW HITPOINT WARNING * * *
You feel very sick.
It was a potion of haste.
You feel yourself speed up.
* * * LOW HITPOINT WARNING * * *
You feel sick.
Unknown command.
Wield which item (- for none, * to show all)? (? for menu, Esc to quit)
Okay, then.
Okay, then.
* * * LOW HITPOINT WARNING * * *
You feel sick.
You die...

####...####
.........
.......
..... #...#
#####...#
#.......#
##@.(##
#....<#
#...†.#
#.....#
#....##
......#
#......##
#.##.#.# #.
#.#.#


There were no monsters in sight!

Vanquished Creatures
  An orc wizard (D:2)
  3 adders (D:2)
  2 worms (D:2)
  A leopard gecko (D:2)
  2 orcs (D:2)
  2 giant cockroaches
  2 goblins
  3 hobgoblins
  2 jackals (D:2)
  A ball python (D:3)
  3 bats (D:2)
  4 frilled lizards
  8 kobolds
  5 rats
39 creatures vanquished.

Notes
Turn   | Place    | Note
-------+----------+-------------------------------------------
     0 | D:1      | AllRandomAllDemise the Demigod Assassin began the quest for the Orb.
     0 | D:1      | Reached XP level 1. HP: 17/17 MP: 3/3
   374 | D:1      | Reached skill level 1 in Polearms
   695 | D:2      | Reached XP level 2. HP: 14/24 MP: 4/4
  1023 | D:2      | Noticed an orc warrior
  1064 | D:1      | You fall through a shaft!
  1194 | D:2      | Reached XP level 3. HP: 15/30 MP: 5/5
  1846 | D:2      | Reached XP level 4. HP: 31/37 MP: 6/6
  2296 | D:2      | Found an opulent altar of Gozag.
  2298 | D:2      | Found a shimmering altar of Xom.
  2396 | D:3      | HP: 2/37 [poisoned by a kobold]
  2398 | D:3      | Succumbed to a kobold's poison

Skill      XL: |  1  2  3  4 |
---------------+-------------+-----
Fighting       | 2 |  2.8
Polearms       | 1 2 3 |  3.0
Short Blades   | |  1.7
Throwing       | |  1.7
Dodging        | |  0.8
Stealth        | |  3.6

Action                   |  1- 3 |  4- 6 || total
-------------------------+-------+-------++-------
Melee: Dagger            |   140 |    10 ||   150
       Trident           |       |    18 ||    18
 Fire: Blowgun           |    17 |       ||    17
Throw: Stone             |    13 |       ||    13
  Use: Potion            |       |     2 ||     2
 Stab: Sleeping          |     2 |       ||     2
  Eat: Chunk             |     3 |     2 ||     5
Armor: Robe              |     5 |       ||     5
       Chain mail        |    79 |    28 ||   107
Dodge: Dodged            |    50 |    14 ||    64
